 Dungeon Crawl Stone Soup version 0.29-a0-541-gaf1fc19f1b (console) character file.

Game seed: 5528667068771481760

3025 om the Ducker (level 9, -9/56 HPs)
             Began as an Octopode Transmuter on June 2, 2022.
             Was a Follower of Cheibriados.
             Killed from afar by an electric eel (16 damage)
             ... with a bolt of electricity
             ... on level 7 of the Dungeon.
             The game lasted 00:17:33 (9518 turns).

om the Ducker (Octopode Transmuter)                 Turns: 9518, Time: 00:17:33

Health: -9/56      AC:  2    Str: 14    XL:     9   Next: 85%
Magic:  24/25      EV: 31    Int: 20    God:    Cheibriados [*.....]
Gold:   172        SH:  0    Dex: 27    Spells: 10/18 levels left

rFire   . . .      SeeInvis +     - Unarmed
rCold   + . .      Faith    .   (shield currently unavailable)
rNeg    + . .      Spirit   .   (helmet currently unavailable)
rPois   x          Reflect  .   (no amulet)
rElec   .          Harm     .   z - +4 ring of evasion
rCorr   .          Rampage  .   g - ring of see invisible
Will    .....                   r - ring of protection from cold
Stlth   +.........              u - ring of positive energy
HPRegen 0.18/turn               x - ring of magical power
MPRegen 0.19/turn               B - +6 ring of dexterity
                                (no ring)
                                (no ring)

@: spider-form, very slow
A: venomous fangs, almost no armour, (amphibious), 8 rings, tiny, (camouflage
1), (gelatinous body 1), (nimble swimmer 1), (tentacles)
a: End Transformation, Renounce Religion, Bend Time


You were on level 7 of the Dungeon.
You worshipped Cheibriados.
Cheibriados was aware of your devotion.
You were a venomous arachnid creature.
You visited 2 branches of the dungeon, and saw 8 of its levels.
You also visited: Sewer.

You collected 540 gold pieces.
You spent 368 gold pieces at shops.

Inventory:

Hand Weapons
 a - the +5 hunting sling "Worm's Wrath" {vorpal, rElec rF++}
   (You found it on level 3 of the Dungeon)

   Any ammunition fired from it inflicts extra damage upon your enemies.
   rF:        It greatly protects you from fire.
   rElec:     It insulates you from electricity.
Missiles
 m - 172 stones
 s - a throwing net
Armour
 F - a +0 hat (melded)
Jewellery
 g - a ring of see invisible (right front leg)
 r - a ring of protection from cold (on tentacle)
 u - a ring of positive energy (on tentacle)
 x - a ring of magical power (on tentacle)
 z - a +4 ring of evasion (left front leg)
 B - a +6 ring of dexterity (on tentacle)
 D - a ring of fire
Wands
 e - a wand of charming (27)
 y - a wand of acid (9)
 A - a wand of flame (21)
Scrolls
 d - a scroll of fog
 i - a scroll of immolation {unknown}
 k - a scroll of brand weapon
 n - a scroll of fear {unknown}
 o - a scroll of magic mapping
 p - a scroll of enchant armour
 w - a scroll of enchant weapon
 E - a scroll of teleportation
 G - a scroll of silence {unknown}
Potions
 b - 2 potions of haste
 c - a potion of brilliance
 f - a potion of attraction
 h - 3 potions of degeneration
 j - 5 potions of curing
 l - 4 potions of lignification
 q - 5 potions of flight
 t - 3 potions of ambrosia {unknown}
 v - a potion of invisibility {unknown}
 C - a potion of magic {unknown}


   Skills:
 - Level 3.0 Fighting
 - Level 4.0 Slings
 + Level 6.5 Dodging
 - Level 1.3 Stealth
 - Level 6.0 Unarmed Combat
 - Level 5.0 Spellcasting
 - Level 6.0 Transmutations
 - Level 6.0 Poison Magic


You had 10 spell levels left.
You knew the following spells:

 Your Spells              Type           Power      Damage    Failure   Level
a - Beastly Appendage     Tmut           58%        N/A       5%          1
b - Spider Form           Tmut/Pois      29%        N/A       11%         3
c - Olgreb's Toxic Radia  Pois           29%        N/A       24%         4

Your spell library contained the following spells:

 Spells                   Type           Power      Damage    Failure   Level
 Wereblood                Tmut           29%        N/A       7%          2
 Ignite Poison            Fire/Tmut/Pois 21%        N/A       19%         3
 Apportation              Tloc           10%        N/A       28%         1
 Necrotize                Necr           20%        1d5       28%         1
 Summon Small Mammal      Summ           20%        N/A       28%         1
 Ice Form                 Ice/Tmut       17%        N/A       54%         4
 Conjure Flame            Conj/Fire      5%         6-21      56%         3
 Dazzling Flash           Conj/Hex       10%        N/A       56%         3
 Sticky Flame             Conj/Fire      5%         2d3       89%         4
 Agony                    Necr           5%         N/A       99%         5
 Silence                  Hex/Air        2%         N/A       99%         5
 Ozocubu's Refrigeration  Ice            2%         4d5       100%        7
 Ignition                 Fire           2%         3d3       100%        8


Dungeon Overview and Level Annotations

Branches:
Dungeon (7/15)             Temple (1/1) D:4           Sewer (visited)

Altars:
Ashenzari
Cheibriados
Dithmenos
Elyvilon
Fedhas
Gozag
Hepliaklqana
Kikubaaqudgha
Makhleb
Nemelex Xobeh
Okawaru
Qazlal
Ru
Trog
Vehumet
Wu Jian
Xom
Yredelemnul
Zin
The Shining One

Shops:
D:3 !   D:5 =   D:6 (

Annotations:
D:3 2 transporters, dolemite99's ghost, weakling DsFi


Innate Abilities, Weirdness & Mutations

You are a venomous arachnid creature.
You have poisonous fangs.
You are tiny and dextrous.
Your spellcasting is less reliable in this form.
Your armour is entirely melded.
You are incapable of wielding weapons or throwing items.
You cannot wear most types of armour.
((You are amphibious.))
You can wear up to eight rings at the same time.
((Your skin changes colour to match your surroundings (Stealth+).))
((Your rubbery body absorbs attacks. (AC +1, EV +1)))
((You are camouflaged when in or above water. (Stealth+)))
((You have tentacles for arms and can constrict up to eight enemies at once.))


Message History

You kill the orc!
Cheibriados thoroughly appreciates the change of pace.
You now have 172 gold pieces (gained 11).
Things that are here:
a +0 club; an orc corpse You start resting.
Your transformation is almost over.
Your transformation has ended.
Your +0 hat unmelds from your body.
Casting: Spider Form (dangerous; 3% risk of failure)
Press: ? - help, Q - select action, (/) - cycle Dir - look around, f - activate You turn into a venomous arachnid creature.
Your +0 hat melds into your body.
Things that are here:
a +0 club; an orc corpse
Things that are here:
a +1 dagger of distortion; a +0 robe The electric eel shoots out a bolt of lightning at you!
The bolt of electricity misses you. The bolt of electricity hits you!
The electric eel shoots out a bolt of lightning at you!
The bolt of electricity misses you. x2
You enter the shallow water.
Moving in this stuff is going to be slow.
The electric eel shoots out a bolt of lightning at you!
The bolt of electricity hits you!
The electric eel shoots out a bolt of lightning at you!
The bolt of electricity misses you.
The electric eel shoots out a bolt of lightning at you!
The bolt of electricity misses you.
The electric eel shoots out a bolt of lightning at you!
The bolt of electricity misses you. The bolt of electricity hits you!
The electric eel shoots out a bolt of lightning at you!
The bolt of electricity hits you!
* * * LOW HITPOINT WARNING * * *
The bolt of electricity misses you.
You bite the electric eel!
The electric eel is poisoned.
The electric eel is heavily wounded.
The electric eel shoots out a bolt of lightning at you!
The bolt of electricity hits you!
You die...

#....# '...PPP♣≈ ##....#
####.....≈≈ ♣♣≈ #....# .
#.......≈≈♣≈≈≈≈ #.#..#
.#.....≈P≈≈♣≈≈≈≈ #.##.##
....≈≈P≈≈≈♣≈≈≈≈≈ ..##..#
.###≈P≈≈≈≈♣≈≈.≈#
#####.###.##.P≈≈♣≈≈≈.≈.#
#.#....#.≈≈P≈≈≈.#
#.#....#≈≈≈Ss≈.#######
#.....[#≈.P≈##.# #...
##.##.###### #)###.###
#..#.# #).)....# ##.#.#
#####)#.# #...# ###.# #
##..# #...# #.># #.###
##.# #.#


You could see an electric eel (very poisoned).

Vanquished Creatures
  Pikel (D:3)
  Grinder (D:4)
  A steam dragon (D:7)
  Edmund (D:5)
  Duvessa (D:5)
  A sky beast (D:6)
  A water moccasin (D:6)
  An ice beast (D:6)
  2 black bears
  An ogre (D:4)
  A centaur (D:7)
  3 phantoms
  A bullfrog (D:7)
  A necrophage (D:6)
  A scorpion (D:6)
  Dowan (D:5)
  6 killer bees (D:7)
  A hound (D:4)
  A jelly (D:5)
  An orc priest (D:6)
  Ijyb (D:4)
  4 iguanas
  Natasha (thrice) (D:4)
  3 orc wizards
  13 adders
  5 river rats (Sewer)
  3 white imps
  An ufetubus (D:5)
  3 worms
  4 dart slugs
  14 orcs
  14 bats
  10 endoplasms
  4 giant cockroaches
  8 goblins
  7 hobgoblins
  10 jackals
  7 kobolds
  10 quokkas
  8 ball pythons
  2 frilled lizards
  5 rats
167 creatures vanquished.

Vanquished Creatures (others)
  43 plants
43 creatures vanquished.

Grand Total: 210 creatures vanquished

Notes
Turn   | Place    | Note
-------+----------+-------------------------------------------
     0 | D:1      | om the Octopode Transmuter began the quest for the Orb.
     0 | D:1      | Reached XP level 1. HP: 13/13 MP: 3/3
   320 | D:1      | Reached XP level 2. HP: 18/18 MP: 5/5
   966 | D:1      | Reached XP level 3. HP: 22/23 MP: 4/6
  1328 | D:2      | Reached skill level 1 in Stealth
  1731 | D:2      | Found a hazy altar of Hepliaklqana.
  1744 | D:2      | Reached XP level 4. HP: 27/28 MP: 5/7
  1985 | D:3      | Found a sparkling altar of Nemelex Xobeh.
  1985 | D:3      | Found a burning altar of Makhleb.
  2115 | D:3      | Found a transporter.
  2119 | D:3      | Found a transporter.
  2119 | D:3      | Noticed dolemite99's ghost (weakling DsFi)
  2247 | D:3      | Identified the +5 hunting sling "Worm's Wrath" {vorpal,
                  | rElec rF++}
  2349 | D:3      | Found a glowing golden altar of the Shining One.
  2656 | D:3      | Found Peebell's Distillery.
  2665 | D:3      | Bought a potion of heal wounds for 55 gold pieces
  2665 | D:3      | Bought a potion of curing for 33 gold pieces
  3038 | D:4      | Reached XP level 5. HP: 34/34 MP: 8/8
  3045 | D:4      | Found a glowing drain.
  3060 | D:4      | Reached skill level 1 in Slings
  3070 | Sewer    | Entered a sewer
  3678 | Sewer    | Reached XP level 6. HP: 16/39 MP: 7/10
  4855 | D:4      | Noticed Natasha
  4858 | D:4      | Killed Natasha
  4859 | D:4      | Reached XP level 7. HP: 45/45 MP: 11/11
  4957 | D:4      | Noticed Natasha
  4959 | D:4      | Killed Natasha
  4997 | D:4      | Noticed Pikel
  5012 | D:3      | Killed Pikel
  5013 | D:3      | Reached skill level 5 in Unarmed Combat
  5013 | D:3      | Reached XP level 8. HP: 38/52 MP: 11/14
  5173 | D:4      | Found a staircase to the Ecumenical Temple.
  5208 | D:4      | Noticed Ijyb
  5222 | D:4      | Killed Ijyb
  5290 | D:4      | Noticed Natasha
  5294 | D:4      | Noticed Grinder
  5298 | D:4      | Paralysed by Grinder for 3 turns
  5301 | D:4      | Killed Natasha
  5304 | D:4      | Paralysed by Grinder for 3 turns
  5319 | D:4      | Killed Grinder
  5781 | D:5      | Entered Level 5 of the Dungeon
  5845 | D:5      | Found Xano's Jewellery Shop.
  5852 | D:5      | Bought a ring of magical power for 280 gold pieces
  5857 | D:5      | Learned a level 3 spell: Spider Form
  6254 | D:5      | Found a shimmering altar of Xom.
  6581 | D:5      | Noticed Edmund
  6597 | D:5      | Killed Edmund
  6598 | D:5      | Reached skill level 5 in Transmutations
  6598 | D:5      | Reached skill level 1 in Poison Magic
  6953 | D:5      | Noticed Duvessa
  7024 | Temple   | Entered the Ecumenical Temple
  7183 | Temple   | Became a worshipper of Cheibriados the Contemplative
  7340 | D:5      | Noticed Dowan
  7349 | D:5      | Killed Duvessa
  7356 | D:5      | Killed Dowan
  7357 | D:5      | Reached XP level 9. HP: 27/56 MP: 16/16
  7948 | D:6      | Found Ophameusch's Antique Weapon Shop.
  8104 | D:6      | Learned a level 4 spell: Olgreb's Toxic Radiance
  8200 | D:6      | Reached skill level 5 in Spellcasting
  8212 | D:6      | Reached skill level 5 in Dodging
  8259 | D:6      | Reached * piety under Cheibriados
  8885 | D:7      | Reached skill level 5 in Poison Magic
  9518 | D:7      | Killed from afar by an electric eel

Illustrated notes

Levels and vault maps discovered:
D:1:      minmay_arrival_plants_in_alcoves, layout_basic
D:2:      cheibrodos_old_hovel, layout_rooms, basic_altar
D:3:      layout_loops_corners, tso_metal_star,
          gammafunk_temple_overflow_elements, serial_shops, shop,
          gammafunk_ghost_arena, kennysheep_generic_room_10
D:4:      layout_cave_pools, minmay_temple_entry_butterflies,
          gup_sewer_entry_glass, minmay_misc_feat_pillars,
          minmay_fractal_squares_gapless_5, uniq_grinder, uniq_natasha,
          uniq_ijyb, uniq_pikel
D:5:      layout_loops_corners, mainiacjoe_overflow_surrounded_room,
          serial_shops, shop, fountainhead, minmay_checkerbox, uniq_edmund,
          uniq_duvessa
D:6:      layout_loops_ring, serial_shops, nicolae_shop_overgrown_old_shop,
          serial_park_tiny_pond, st_stairs_11, minmay_misc_feat_plants,
          chequers_hall_statues_wall_a, chequers_arboretum,
          hangedman_decor_opposing
D:7:      layout_basic, gammafunk_ghost_cemetery, minmay_misc_feat_alley,
          serial_bayou_lagoon_a, uniq_crazy_yiuf_cottage
Temple:   nicolae_temple_elliptical

Skill      XL: |  1  2  3  4  5  6  7  8  9 |
---------------+----------------------------+-----
Stealth        | 1 |  1.3
Unarmed Combat | 4 5 6 |  6.0
Slings         | 1 2 4 |  4.0
Transmutations | 3 4 5 6 |  6.0
Fighting       | 2 3 |  3.0
Spellcasting   | 3 4 5 |  5.0
Dodging        | 3 4 6 |  6.5
Poison Magic   | 2 6 |  6.0

Action                   |  1- 3 |  4- 6 |  7- 9 || total
-------------------------+-------+-------+-------++-------
Melee: Unarmed           |    57 |   107 |   206 ||   370
       Constrict         |    19 |    21 |    21 ||    61
       Kick              |    13 |    22 |    40 ||    75
       Tentacles         |    10 |    13 |    30 ||    53
       Punch             |     2 |     2 |     7 ||    11
 Fire: Hunting sling     |       |    72 |    39 ||   111
 Cast: Beastly Appendage |    25 |    13 |    15 ||    53
       Spider Form       |       |       |    14 ||    14
       Olgreb's Toxic Ra |       |       |     1 ||     1
Invok: Bend Time         |       |       |     1 ||     1
  Use: Scroll            |     3 |     7 |     4 ||    14
       Potion            |       |     4 |     6 ||    10
 Stab: Sleeping          |     8 |     3 |     7 ||    18
Armor: Skin              |     3 |    22 |    49 ||    74
Dodge: Dodged            |    31 |   137 |   198 ||   366

Table legend: (Time is in decaauts)
 A = Elapsed time spent in this place.
 B = Non-inter-level travel time spent in this place.
 C = Inter-level travel time spent in this place.
 D = Time resting spent in this place.
 E = Time spent auto-exploring this place.
 F = Levels seen in this place.
 G = Mean time per level.
                   A        B        C        D        E       F      G
               +--------+--------+--------+--------+--------+-----+--------+
         Total |   9921 |   9453 |    468 |   2162 |   5881 |   9 | 1102.3 |
       Dungeon |   8585 |   8153 |    432 |   1678 |   5286 |   7 | 1226.4 |
        Temple |    172 |    137 |     35 |      0 |    121 |   1 |  172.0 |
         Sewer |   1163 |   1163 |      0 |    484 |    474 |   1 | 1163.0 |
               +--------+--------+--------+--------+--------+-----+--------+

Top non-repeatable levels by time:
     D:5: 1717 daAuts
     D:4: 1660 daAuts
     D:6: 1446 daAuts
     D:1: 1222 daAuts
   Sewer: 1163 daAuts
     D:3: 1069 daAuts
     D:7: 763 daAuts
     D:2: 704 daAuts
  Temple: 172 daAuts
